 Dungeon Crawl Stone Soup version 0.29-a0-824-gd827844252 (webtiles) character file.

Game seed: 2389487787568535622

4 porpoise the Trooper (level 1, -1/20 HPs)
             Began as a Hill Orc Monk on July 11, 2022.
             Slain by a gnoll
             ... wielding a +0 flail
              (6 damage)
             ... on level 1 of the Dungeon.
             The game lasted 00:01:15 (245 turns).

porpoise the Trooper (Hill Orc Monk)                 Turns: 245, Time: 00:01:16

Health: -1/20      AC:  2    Str: 13    XL:     1   Next: 70%
Magic:  1/10       EV: 12    Int: 10    God:
Gold:   22         SH:  0    Dex: 13    Spells: 0/0 levels left

rFire   . . .      SeeInvis .   a - +0 falchion
rCold   . . .      Faith    .   (no shield)
rNeg    . . .      Spirit   .   b - +0 robe
rPois   .          Reflect  .   (no helmet)
rElec   .          Harm     .   (no cloak)
rCorr   .          Rampage  .   (no gloves)
Will    .....                   (no boots)
Stlth   ++........              (no amulet)
HPRegen 0.06/turn               e - ring of magical power
MPRegen 0.12/turn               (no ring)

@: no status effects
A: no striking features
a: no special abilities


You were on level 1 of the Dungeon.
You visited 1 branch of the dungeon, and saw 1 of its levels.

You collected 22 gold pieces.

Inventory:

Hand Weapons
 a - a +0 falchion (weapon)
Armour
 b - a +0 robe (worn)
Jewellery
 e - a ring of magical power (left hand)
Potions
 c - a potion of ambrosia
 d - a potion of lignification {unknown}


   Skills:
 + Level 3.7 Fighting
 * Level 3.5 Long Blades
 - Level 2.4 Dodging
 - Level 1.5 Stealth


You couldn't memorise any spells.
You didn't know any spells.
Your spell library was empty.

Dungeon Overview and Level Annotations

Branches:
Dungeon (1/15)

Altars:


Message History

Moving in this stuff is going to be slow.
You enter the shallow water.
Moving in this stuff is going to be slow.
You enter the shallow water.
Moving in this stuff is going to be slow.
A ball python comes into view.
You hit the ball python but do no damage.
The ball python bites you. The ball python misses you.
You hit the ball python.
The ball python is severely wounded.
The ball python closely misses you. The ball python barely misses you.
You closely miss the ball python.
The ball python is severely wounded.
The ball python barely misses you. The ball python grabs you.
The ball python constricts you. The ball python closely misses you.
The ball python constricts you.
You hit the ball python.
You kill the ball python!
Found a scroll labelled NAL YGUGAUREE.
You see here a ball python corpse.
You start resting.
HP restored.
You see here a ball python corpse.
e - a ring of magical power A gnoll comes into view.
It is wielding a +0 flail.
The gnoll shouts!
You feel your magic capacity increase.
e - a ring of magical power (left hand)
You hit the gnoll.
The gnoll is heavily wounded.
The gnoll hits you with a +0 flail!
You barely miss the gnoll.
The gnoll is heavily wounded.
The gnoll hits you with a +0 flail!
* * * LOW HITPOINT WARNING * * *
You are too injured to fight recklessly!
You hit the gnoll.
The gnoll is severely wounded.
The gnoll hits you with a +0 flail.
You die...

....####P.#.######............
..... ####.# #.............
..... #.### ##.............
..... #.######.............#
....###..#......#######.####
##.......##.### #.#
##......†..#.# #.#
##..........#.# #.#
.............@#.# #.#
#.##........g...# #.# #
#...........## #.#
...........#.# #.#
.###.......##.# #.# #.........
?# #.# #.........#.# ##.#
#.........#.# #..# #..........
#.##


You could see a gnoll.

Vanquished Creatures
  A goblin (D:1)
  2 ball pythons (D:1)
  A kobold (D:1)
  A rat (D:1)
5 creatures vanquished.

Notes
Turn   | Place    | Note
-------+----------+-------------------------------------------
     0 | D:1      | porpoise the Hill Orc Monk began the quest for the Orb.
     0 | D:1      | Reached XP level 1. HP: 19/19 MP: 1/1
   169 | D:1      | Found a faded altar of an unknown god.
   245 | D:1      | Slain by a gnoll

Illustrated notes

Levels and vault maps discovered:
D:1:      onia_arrival_handbag, layout_rooms,
          shapermc_ecumenical_altar_hornbeckon, chequers_serial_rivers_micro_c

Action                   || total
-------------------------++-------
Melee: Falchion          ||    12
Dodge: Dodged            ||     5

Table legend: (Time is in decaauts)
 A = Elapsed time spent in this place.
 B = Non-inter-level travel time spent in this place.
 C = Inter-level travel time spent in this place.
 D = Time resting spent in this place.
 E = Time spent auto-exploring this place.
 F = Levels seen in this place.
 G = Mean time per level.
                   A        B        C        D        E       F      G
               +--------+--------+--------+--------+--------+-----+--------+
         Total |    253 |    253 |      0 |     72 |    125 |   1 |  253.0 |
       Dungeon |    253 |    253 |      0 |     72 |    125 |   1 |  253.0 |
               +--------+--------+--------+--------+--------+-----+--------+

Top non-repeatable levels by time:
     D:1: 253 daAuts
